 Dungeon Crawl Stone Soup version 0.29.0-11-gd7f09526c8 (webtiles) character file.

Game seed: 9290911169080300225

20340 iguanaiguana the Cleaver (level 12, -1/106 HPs)
             Began as a Minotaur Fighter on Sept 6, 2022.
             Was a High Priest of Okawaru.
             Shot with a bolt by an orc knight (14 damage)
             ... on level 2 of the Orcish Mines on Sept 7, 2022.
             The game lasted 00:17:18 (13829 turns).

iguanaiguana the Cleaver (Minotaur Fighter)        Turns: 13829, Time: 00:17:19

Health: -1/106     AC: 22    Str: 24    XL:     12   Next: 44%
Magic:  16/16      EV:  8    Int:  3    God:    Okawaru [*****.]
Gold:   778        SH:  6    Dex: 12    Spells: 11/11 levels left

rFire   + . .      SeeInvis .   a - +0 war axe
rCold   . . .      Faith    .   c - +0 buckler
rNeg    . . .      Spirit   .   x - +3 chain mail {rPois}
rPois   +          Reflect  .   (helmet restricted)
rElec   .          Harm     .   F - +2 cloak
rCorr   .          Rampage  .   B - +0 pair of gloves of Refuge {Regen+}
Will    +....                   o - +2 pair of boots
Stlth   ..........              Q - amulet of regeneration
HPRegen 1.87/turn               I - ring of protection from fire
MPRegen 0.15/turn               (no ring)

@: no status effects
A: horns 2, retaliatory headbutt, dopey 1, strong-willed 1
a: Renounce Religion, Heroism, Finesse, Duel


You were on level 2 of the Orcish Mines.
You worshipped Okawaru.
Okawaru was extremely pleased with you.
You visited 4 branches of the dungeon, and saw 16 of its levels.
You also visited: Sewer.

You collected 949 gold pieces.
You spent 171 gold pieces at shops.

Inventory:

Hand Weapons
 a - a +0 war axe (weapon)
 b - a +0 demon whip of venom
Missiles
 k - 14 poisoned darts (quivered)
 p - 10 boomerangs
 J - 3 atropa-tipped darts
 M - 2 silver boomerangs
 O - 3 silver javelins
 P - 2 curare-tipped darts
Armour
 c - a +0 buckler (worn)
 n - a +2 pair of gloves
 o - a +2 pair of boots (worn)
 x - a +3 chain mail of poison resistance (worn)
 B - the +0 pair of gloves of Refuge (worn) {Regen+}
   (You acquired it on level 3 of the Lair of Beasts)

   Regen:     It increases your rate of health regeneration.
 F - a +2 cloak (worn)
Jewellery
 I - a ring of protection from fire (left hand)
 Q - an amulet of regeneration (around neck)
Wands
 h - a wand of mindburst (14)
 y - a wand of polymorph (2)
Scrolls
 f - 2 scrolls of magic mapping {@r5}
 g - 6 scrolls of teleportation {@r3}
 i - 2 scrolls of amnesia
 m - 3 scrolls of enchant weapon
 r - 5 scrolls of immolation
 s - 2 scrolls of enchant armour
 t - 2 scrolls of fear
 v - a scroll of noise
 A - a scroll of vulnerability
 D - a scroll of poison
 K - a scroll of silence
 L - a scroll of butterflies
 R - a scroll of blinking {@r4}
Potions
 d - 3 potions of might {@q3}
 e - 5 potions of haste {@q4}
 j - 4 potions of heal wounds {@q2}
 q - 3 potions of attraction
 u - 2 potions of magic
 w - 4 potions of mutation
 z - 2 potions of cancellation
 C - a potion of brilliance {unknown}
 G - a potion of curing {unknown}
 H - a potion of invisibility {unknown}
 N - 2 potions of flight


   Skills:
 + Level 10.3 Fighting
 * Level 13.6 Axes
 + Level 6.8 Throwing
 - Level 10.0 Armour
 - Level 8.0 Shields
 * Level 7.2 Invocations
 * Level 6.5 Evocations


You had 11 spell levels left.
You didn't know any spells.
Your spell library contained the following spells:

 Spells                   Type           Power      Damage    Failure   Level
 Ignite Poison            Fire/Tmut/Pois 0%         N/A       100%        3
 Mephitic Cloud           Conj/Pois/Air  0%         N/A       100%        3
 Freezing Cloud           Conj/Ice/Air   0%         6-21      100%        5


Dungeon Overview and Level Annotations

Branches:
Dungeon (9/15) Zot: 24247  Temple (1/1) D:5 Zot: 5927    Lair (4/5) D:9 Zot: 20842
 Shoals (0/4) Lair:2       Spider (0/4) Lair:2          Orc (2/2) D:9 Zot: 11400
  Sewer (visited)
  Slime: Lair:4-5       Elf: Orc:2

Altars:
Ashenzari
Cheibriados
Dithmenos
Fedhas
Gozag
Hepliaklqana
Kikubaaqudgha
Makhleb
Nemelex Xobeh
Okawaru
Qazlal
Ru
Sif Muna
Trog
Vehumet
Xom
The Shining One

Shops:
Orc:2 **

Annotations:
D:9 4 exclusions


Innate Abilities, Weirdness & Mutations

You have a pair of horns on your head.
You reflexively headbutt those who attack you in melee.
You are dopey. (Int -2)
You are strong-willed. (Will+)


Message History

There is a stone staircase leading up, spattered with blood here.
Throw: 2 darts (curare)
Press: ? - help, Shift-Dir - straight line
Okay, then.
The orc high priest mumbles some strange prayers to Beogh against you.
Beogh smites you!
The orc knight roars a battlecry!
The orcs go into a battle-frenzy!
You see here a +0 flail.
The orc priest calls upon Beogh to heal the orc high priest.
The orc high priest is healed somewhat.
The orc knight shoots a bolt.
The bolt hits you!
You see here 4 poisoned darts.
You slice the orc high priest!!
The orc high priest is heavily wounded.
You hit the ice devil but do no damage. You hit the sun demon but do no damage.
You slash the orc priest! The sun demon hits you!
You are engulfed in flames!
You resist.
The orc knight shoots a bolt.
The bolt hits you!
* * * LOW HITPOINT WARNING * * *
You closely miss the orc high priest.
The orc high priest is severely wounded.
You hit the sun demon. You closely miss the orc priest. You hit the ice devil.
The orc priest hits you with a +0 trident.
* * * LOW HITPOINT WARNING * * *
The sun demon hits you.
* * * LOW HITPOINT WARNING * * *
You are engulfed in flames!
You resist.
* * * LOW HITPOINT WARNING * * *
The orc knight shoots a bolt.
You barely miss the orc high priest.
You headbutt the orc high priest, but do no damage.
The orc high priest is severely wounded.
You hit the sun demon but do no damage. You hit the orc priest.
You kill the orc priest!
You barely miss the ice devil. The sun demon hits you!
* * * LOW HITPOINT WARNING * * *
You are engulfed in flames!
You resist.
* * * LOW HITPOINT WARNING * * *
The orc knight shoots a bolt.
The bolt hits you!
You die...

### #.#### ##..#
##.#..## #...##
#......# ##.....#
####...## #......#
###.#≈...≈###.......
#.[<#∩...∩#.........
####.)4#≈...≈#....##...
#..o(.@##...##....## ##
##...4o3##.........###.
###...(.#.....#.......
##..........#.......
##.......###.......
##.....## #.......
##......####......#
###.........#........
#.##...#...##.....#..


You could see an orc knight, an orc high priest (strong), a sun demon
(summoned), an ice devil (summoned) and a chaos spawn (summoned).

Vanquished Creatures
  A hydra (Lair:3)
  2 boulder beetles (Lair:1)
  Amaemon (Lair:1)
  Pikel (D:7)
  An orc knight (Orc:2)
  9 elephants
  A black mamba (Lair:2)
  An orange demon (Lair:1)
  2 cane toads
  7 komodo dragons
  2 trolls
  5 blink frogs
  Sigmund (D:4)
  A shadow (D:9)
  A wyvern (D:5)
  Eustachio (D:4)
  11 yaks
  A steam dragon (D:9)
  A basilisk (Lair:1)
  Grum (D:9)
  Edmund (D:5)
  Duvessa (D:4)
  5 water moccasins
  12 orc warriors
  2 sky beasts (D:7)
  An ice beast (D:8)
  4 black bears (Lair:1)
  An ogre (Orc:2)
  12 wolves
  7 centaurs
  A phantom (D:6)
  A kobold brigand (D:7)
  6 bullfrogs
  2 necrophages
  Dowan (D:4)
  4 wights (D:8)
  5 killer bees (D:9)
  8 howler monkeys
  4 electric eels (D:9)
  7 hounds
  5 jellies
  Crazy Yiuf (D:5)
  10 orc priests
  An iguana (D:5)
  13 orc wizards
  7 gnolls
  8 adders
  A river rat (D:5)
  2 shadow imps
  A white imp (D:7)
  4 worms
  66 orcs
  9 bats
  8 endoplasms
  A giant cockroach (D:1)
  6 hobgoblins
  18 jackals
  5 quokkas
  9 ball pythons
  6 frilled lizards
  8 goblins
  25 kobolds
  9 rats
359 creatures vanquished.

Vanquished Creatures (others)
  An orc wizard (Orc:2)
  9 fungi
  18 plants
28 creatures vanquished.

Grand Total: 387 creatures vanquished

Notes
Turn   | Place    | Note
-------+----------+-------------------------------------------
     0 | D:1      | iguanaiguana the Minotaur Fighter began the quest for the
                  | Orb.
     0 | D:1      | Reached XP level 1. HP: 19/19 MP: 0/0
   127 | D:1      | Reached XP level 2. HP: 27/27 MP: 1/1
   134 | D:1      | Reached skill level 3 in Axes
   320 | D:1      | Reached XP level 3. HP: 33/33 MP: 2/2
   753 | D:2      | Found a faded altar of an unknown god.
  1765 | D:3      | Reached XP level 4. HP: 38/40 MP: 3/3
  1938 | D:4      | Noticed Duvessa
  1939 | D:4      | Noticed Dowan
  1947 | D:4      | Killed Duvessa
  1948 | D:4      | Reached skill level 4 in Axes
  1948 | D:4      | Reached XP level 5. HP: 43/47 MP: 4/4
  2234 | D:4      | Killed Dowan
  2235 | D:4      | Reached skill level 5 in Axes
  2392 | D:4      | Noticed Eustachio
  2410 | D:4      | Noticed Sigmund
  2411 | D:4      | Killed Eustachio
  2412 | D:4      | Reached skill level 5 in Fighting
  2412 | D:4      | Reached skill level 5 in Armour
  2412 | D:4      | Reached skill level 5 in Shields
  2412 | D:4      | Reached XP level 6. HP: 49/56 MP: 5/5
  2758 | D:4      | Killed Sigmund
  2759 | D:4      | Reached skill level 6 in Axes
  2759 | D:4      | Reached XP level 7. HP: 58/61 MP: 6/6
  2779 | D:4      | Found a snail-covered altar of Cheibriados.
  3150 | D:4      | You fall into a shaft and drop 2 floors!
  3391 | D:6      | Reached skill level 7 in Axes
  3636 | D:6      | Reached XP level 8. HP: 68/70 MP: 7/7
  3648 | D:5      | Entered Level 5 of the Dungeon
  3648 | D:5      | Noticed Edmund
  3664 | D:5      | Killed Edmund
  3795 | D:5      | Found a sparkling altar of Nemelex Xobeh.
  4083 | D:5      | Found a glowing drain.
  4087 | Sewer    | Entered a sewer
  4433 | D:5      | Found a runed translucent door.
  4434 | D:5      | Noticed Crazy Yiuf
  4589 | D:5      | Reached skill level 8 in Axes
  4769 | D:5      | Found a staircase to the Ecumenical Temple.
  4933 | D:5      | Killed Crazy Yiuf
  5268 | D:7      | Reached skill level 9 in Axes
  5330 | D:7      | Noticed Pikel
  5359 | D:7      | Killed Pikel
  5360 | D:7      | Reached skill level 1 in Throwing
  5360 | D:7      | Reached XP level 9. HP: 56/79 MP: 8/8
  5726 | D:7      | Found an opulent altar of Gozag.
  6178 | Temple   | Entered the Ecumenical Temple
  6228 | Temple   | Became a worshipper of Warmaster Okawaru
  6551 | D:8      | Found a blossoming altar of Fedhas.
  6572 | D:8      | Reached skill level 10 in Axes
  7269 | D:9      | Reached * piety under Okawaru
  7896 | D:9      | Reached XP level 10. HP: 68/88 MP: 9/9
  8251 | D:9      | Reached skill level 1 in Invocations
  8256 | D:9      | Noticed Grum
  8258 | D:9      | Reached skill level 1 in Evocations
  8274 | D:9      | Reached ** piety under Okawaru
  8587 | D:9      | Gained mutation: You are strong-willed. (Will+) [potion of
                  | mutation]
  8587 | D:9      | Gained mutation: You are dopey. (Int -2) [potion of
                  | mutation]
  8619 | D:8      | Reached skill level 11 in Axes
  8654 | D:9      | Killed Grum
  9304 | D:9      | Reached skill level 5 in Throwing
  9305 | D:9      | Found a staircase to the Lair.
  9367 | D:9      | Found a staircase to the Orcish Mines.
  9477 | Lair:1   | Entered Level 1 of the Lair of Beasts
  9479 | Lair:1   | Noticed a boulder beetle
  9814 | Lair:1   | Killed a boulder beetle
  9814 | Lair:1   | Reached *** piety under Okawaru
  9874 | Lair:1   | Received a gift from Okawaru
 10168 | Lair:1   | Noticed Amaemon
 10169 | Lair:1   | Noticed an orange demon
 10178 | Lair:1   | Killed Amaemon
 10178 | Lair:1   | Reached **** piety under Okawaru
 10179 | Lair:1   | Reached XP level 11. HP: 70/97 MP: 11/13
 10481 | Lair:1   | Reached skill level 12 in Axes
 10489 | Lair:1   | Received a gift from Okawaru
 10832 | Lair:1   | Noticed a boulder beetle
 10903 | Lair:1   | Killed a boulder beetle
 10903 | Lair:1   | Received a gift from Okawaru
 11445 | Lair:2   | Reached ***** piety under Okawaru
 11446 | Lair:2   | Reached skill level 5 in Invocations
 11708 | Lair:2   | Received a gift from Okawaru
 11847 | Lair:2   | Found a hole to the Spider Nest.
 12008 | Lair:2   | Reached skill level 5 in Evocations
 12274 | Lair:2   | Found a staircase to the Shoals.
 12752 | Lair:3   | Identified a scroll of acquirement
 12756 | Lair:3   | Acquired the +0 pair of gloves of Refuge {Regen+}
 12796 | Lair:3   | Noticed a seven-headed hydra
 12810 | Lair:3   | Killed a seven-headed hydra
 12893 | Lair:4   | Received a gift from Okawaru
 12913 | Lair:4   | Reached skill level 13 in Axes
 12919 | Lair:4   | Reached XP level 12. HP: 79/106 MP: 15/15
 12992 | Lair:4   | Reached skill level 10 in Fighting
 12999 | Lair:4   | Received a gift from Okawaru
 13000 | Lair:4   | Reached skill level 10 in Armour
 13211 | Orc:1    | Entered Level 1 of the Orcish Mines
 13279 | Orc:2    | Entered Level 2 of the Orcish Mines
 13300 | Orc:2    | Found Entyzaas's Specific Store.
 13301 | Orc:2    | Found Kecsik's General Store.
 13310 | Orc:2    | Bought a scroll of enchant weapon for 135 gold pieces
 13310 | Orc:2    | Bought a scroll of identify for 36 gold pieces
 13512 | Orc:2    | Identified the +4 troll leather armour "Udufixu" {Regen+
                  | Dex+2} (Okawaru gifted it to you on level 2 of the Orcish
                  | Mines)
 13512 | Orc:2    | Received a gift from Okawaru
 13609 | Orc:2    | Noticed an orc high priest
 13829 | Orc:2    | Shot with a bolt by an orc knight

Illustrated notes

Levels and vault maps discovered:
D:1:      dpeg_arrival_shelter, layout_rooms, lemuel_old_faithful
D:2:      layout_loops_ring, dreamdust_ecumenical_altar_grove
D:3:      layout_basic
D:4:      layout_loops_ring, mainiacjoe_overflow_catwalk, zin_scriptorium,
          uniq_duvessa, uniq_eustachio, uniq_sigmund
D:5:      layout_loops_ring, lemuel_crystal_altar,
          minmay_temple_entry_enclosed_plants, gup_sewer_entry_spiral,
          dreamdust_princess_bridge, glass_columns_a, uniq_edmund,
          uniq_crazy_yiuf_cottage
D:6:      layout_loops_ring, kennysheep_generic_room_11
D:7:      layout_layer_cave, nicolae_gozag_cash_rules_everything_around_me,
          uniq_pikel
D:8:      layout_loops_ring, fedhas_altar_2
D:9:      layout_basic, erik_lair_island, hiddenorc2_lemuel, uniq_grum
Temple:   nicolae_temple_bog_church
Lair:1:   layout_layer_cave, beast_lair_carwin_9, uniq_amaemon
Lair:2:   layout_big_grid, minmay_shoals_entry_centaurs,
          spider_nest_entry_web_field, grunt_megastairs_4
Lair:3:   layout_small_grid, serial_bayou_shore_b
Lair:4:   layout_loops_ring, slime_entry_2, pf_torpor_hydra
Orc:1:    layout_diamond_mine
Orc:2:    grunt_orc_tribal_feast, layout_diamond_mine, nicolae_specific_store

Skill      XL: |  1  2  3  4  5  6  7  8  9 10 11 12 |
---------------+-------------------------------------+-----
Axes           | 3 4 5 6 7 9 10 11 13 | 13.6
Armour         | 4 5 6 7 8 9 10 | 10.0
Shields        | 4 5 6 7 8 |  8.0
Fighting       | 4 5 6 7 8 9 10 | 10.3
Throwing       | 1 4 5 6 |  6.8
Invocations    | 4 6 7 |  7.2
Evocations     | 3 5 6 |  6.5

Action                   |  1- 3 |  4- 6 |  7- 9 | 10-12 || total
-------------------------+-------+-------+-------+-------++-------
Melee: War axe           |    97 |    47 |   441 |   561 ||  1146
       Headbutt          |    13 |    15 |    74 |   153 ||   255
       Demon whip        |       |       |       |    65 ||    65
Throw: Dart              |       |     2 |       |    28 ||    30
       Boomerang         |       |       |       |     3 ||     3
Invok: Heroism           |       |       |       |     5 ||     5
       Finesse           |       |       |       |     3 ||     3
Evoke: Wand              |       |       |       |     6 ||     6
  Use: Scroll            |       |       |    13 |    11 ||    24
       Potion            |       |       |     3 |     2 ||     5
Armor: Scale mail        |    33 |       |       |       ||    33
       Chain mail        |    12 |    24 |   282 |   454 ||   772
Dodge: Dodged            |    39 |    17 |   150 |   219 ||   425
Block: Buckler           |    19 |     8 |   114 |   172 ||   313
